 Dungeon Crawl Stone Soup version 0.28.0 (webtiles) character file.

Game seed: 9155678218058437345

177 Host24 the Bolt Thrower (level 5, 0/32 HPs)
             Began as a Kobold Hunter on Feb 20, 2022.
             Succumbed to a water moccasin's poison
             ... on level 4 of the Dungeon.
             The game lasted 00:05:05 (3496 turns).

Host24 the Bolt Thrower (Kobold Hunter)             Turns: 3496, Time: 00:05:06

Health: 0/32       AC:  6    Str: 11    XL:     5   Next: 88%
Magic:  5/5        EV: 15    Int: 12    God:
Gold:   60         SH:  0    Dex: 16    Spells: 4/4 levels left

rFire   + . .      SeeInvis .   a - +1 hand crossbow
rCold   + . .      Faith    .   (no shield)
rNeg    . . .      Spirit   .   c - +0 leather armour
rPois   .          Reflect  .   (no helmet)
rElec   .          Harm     .   (no cloak)
rCorr   .          Rampage  .   o - +0 pair of gloves
Will    .....                   k - +1 pair of boots
Stlth   +++.......              (no amulet)
HPRegen 0.10/turn               q - ring of protection from cold
MPRegen 0.09/turn               r - ring of protection from fire

@: lethally poisoned (0 -> -10)
A: small, no large weapons, nightstalker 3
a: no special abilities


You were on level 4 of the Dungeon.
You visited 1 branch of the dungeon, and saw 4 of its levels.

You collected 60 gold pieces.

Inventory:

Hand Weapons
 a - a +1 hand crossbow (weapon)
 h - a +2 vampiric whip
Missiles
 d - 52 bolts (quivered ammo)
 e - 104 stones
 p - 11 arrows
 t - 5 curare-tipped darts
Armour
 c - a +0 leather armour (worn)
 k - a +1 pair of boots (worn)
 o - a +0 pair of gloves (worn)
Jewellery
 n - an amulet of magic regeneration
 q - a ring of protection from cold (left hand)
 r - a ring of protection from fire (right hand)
Scrolls
 f - a scroll of brand weapon {unknown}
 g - 4 scrolls of identify {unknown}
 i - a scroll of enchant armour {unknown}
 j - a scroll of immolation {unknown}
 l - a scroll of fog {unknown}
 m - a scroll of fear {unknown}
 s - a scroll of noise {unknown}
Potions
 b - a potion of haste {unknown}


   Skills:
 - Level 3.0 Fighting
 + Level 7.4 Crossbows
 - Level 3.0 Dodging
 - Level 1.3 Stealth


You had 4 spell levels left.
You didn't know any spells.
Your spell library contained the following spells:

 Spells                   Type           Power      Damage    Failure   Level
 Portal Projectile        Hex/Tloc       0%         N/A       78%         3
 Blade Hands              Tmut           0%         N/A       100%        5
 Excruciating Wounds      Necr           0%         N/A       100%        5


Dungeon Overview and Level Annotations

Branches:
Dungeon (4/15)
 Temple: D:4-7

Altars:


Innate Abilities, Weirdness & Mutations

You are small and have problems with some larger weapons.
You are completely attuned to the shadows.


Message History

The bolt closely misses the water moccasin.
The water moccasin closely misses you. The water moccasin misses you.
Fire: 57 bolts
Press: ? - help, Q - select action, (/) - cycle Shift-Dir - straight line, f/p - water moccasin
Aim: a water moccasin (heavily wounded, 54% to hit)
You shoot a bolt.
The bolt hits the water moccasin but does no damage.
The water moccasin is heavily wounded.
The water moccasin closely misses you.
Fire: 56 bolts
Press: ? - help, Q - select action, (/) - cycle Shift-Dir - straight line, f/p - water moccasin
Aim: a water moccasin (heavily wounded, 54% to hit)
You shoot a bolt.
The bolt barely misses the water moccasin.
The water moccasin bites you but does no damage.
The water moccasin bites you.
You are poisoned.
The water moccasin poisons you!
Fire: 55 bolts
Press: ? - help, Q - select action, (/) - cycle Shift-Dir - straight line, f/p - water moccasin
Aim: a water moccasin (heavily wounded, 54% to hit)
You shoot a bolt.
The bolt closely misses the water moccasin.
You feel very sick. The water moccasin bites you.
Fire: 54 bolts
Press: ? - help, Q - select action, (/) - cycle Shift-Dir - straight line, f/p - water moccasin
Aim: a water moccasin (heavily wounded, 54% to hit)
You shoot a bolt. The bolt misses the water moccasin.
* * * LOW HITPOINT WARNING * * *
You feel very sick. The water moccasin bites you.
* * * LOW HITPOINT WARNING * * *
The water moccasin barely misses you.
Fire: 53 bolts
Press: ? - help, Q - select action, (/) - cycle Shift-Dir - straight line, f/p - water moccasin
Aim: a water moccasin (heavily wounded, 54% to hit)
You shoot a bolt. The bolt hits the water moccasin!
The water moccasin is severely wounded.
You die...

####
....#####
.(..S@..#
....###.#
.... #.#
....
#.#####
###.
#.....#
###.###
#.# #.#
#.#


You could see a water moccasin.

Vanquished Creatures
  A howler monkey (D:2)
  Natasha (D:2)
  A gnoll (D:1)
  4 adders
  A dart slug (D:1)
  A worm (D:2)
  6 bats
  10 endoplasms
  2 giant cockroaches
  7 hobgoblins
  6 jackals
  3 quokkas
  5 ball pythons
  4 frilled lizards (D:2)
  6 goblins
  5 kobolds
  A rat (D:1)
64 creatures vanquished.

Vanquished Creatures (others)
  8 plants (D:2)
8 creatures vanquished.

Grand Total: 72 creatures vanquished

Notes
Turn   | Place    | Note
-------+----------+-------------------------------------------
     0 | D:1      | Host24 the Kobold Hunter began the quest for the Orb.
     0 | D:1      | Reached XP level 1. HP: 12/12 MP: 1/1
   144 | D:1      | Reached skill level 5 in Crossbows
   147 | D:1      | Reached XP level 2. HP: 11/17 MP: 2/2
   311 | D:1      | Reached XP level 3. HP: 22/22 MP: 3/3
  1153 | D:2      | Reached XP level 4. HP: 22/28 MP: 4/4
  1299 | D:2      | Reached skill level 6 in Crossbows
  1666 | D:2      | Noticed Natasha
  1671 | D:2      | Killed Natasha
  1857 | D:2      | Reached XP level 5. HP: 30/32 MP: 5/5
  1882 | D:2      | Reached skill level 7 in Crossbows
  3479 | D:4      | Noticed a water moccasin
  3496 | D:4      | Succumbed to a water moccasin's poison

Illustrated notes

Levels and vault maps discovered:
D:1:      mrwooster_arrival_statue_2, layout_basic
D:2:      layout_basic, serial_forest, infiniplex_forest_straight_5,
          infiniplex_forest_lined_4_way, infiniplex_forest_clump_small,
          infiniplex_forest_clump_long, infiniplex_forest_lined_3,
          infiniplex_forest_join, infiniplex_forest_clump_long,
          infiniplex_forest_lined_3, uniq_natasha
D:3:      layout_rooms, serial_rivers, chequers_serial_rivers_small_a,
          chequers_serial_rivers_micro_e, chequers_serial_rivers_room_a,
          chequers_serial_rivers_marsh, chequers_serial_rivers_large_b,
          chequers_serial_rivers_micro_d, dk_noncrumbling_2
D:4:      minmay_razor_zed, layout_basic, nrook_loot_triangle,
          minmay_box_of_dots, uniq_ijyb

Skill      XL: |  1  2  3  4  5 |
---------------+----------------+-----
Crossbows      | 5 6 7 |  7.4
Fighting       | 3 |  3.0
Dodging        | 3 |  3.0
Stealth        | |  1.3

Action                   |  1- 3 |  4- 6 || total
-------------------------+-------+-------++-------
Melee: Short sword       |    13 |       ||    13
       Whip              |    66 |   116 ||   182
       Punch             |       |     1 ||     1
 Fire: Hand crossbow     |     4 |    34 ||    38
 Stab: Sleeping          |     8 |     7 ||    15
Armor: Leather armour    |    12 |    51 ||    63
Dodge: Dodged            |    53 |   150 ||   203
